 Dungeon Crawl Stone Soup version 0.25.1-2-g60ff931df9 (webtiles) character file.

Game seed: 3104177300352091246

4736 Johnny the Geomancer (level 10, -2/69 HPs)
             Began as a Demigod Earth Elementalist on Oct 21, 2020.
             Shot with an arrow by a centaur (14 damage)
             ... on level 9 of the Dungeon.
             The game lasted 00:10:12 (9933 turns).

Johnny the Geomancer (Demigod Earth Elementalist)   Turns: 9933, Time: 00:10:13

Health: -2/69      AC: 11    Str: 11    XL:     10   Next: 2%
Magic:  8/23       EV: 11    Int: 25    God:
Gold:   318        SH:  6    Dex: 16    Spells: 9/22 levels left

rFire    . . .     SeeInvis +   i - +1 dagger (venom)
rCold    . . .     Gourm    .   J - +0 buckler
rNeg     . . .     Faith    .   t - +3 ring mail "Raraojuh" {Harm}
rPois    .         Spirit   .   k - +1 helmet
rElec    .         Reflect  .   (no cloak)
rCorr    .         Harm     +   l - +0 pair of gloves
MR       +....                  (no boots)
Stlth    +.........             a - amulet of magic regeneration
HPRegen  0.21/turn              G - ring of see invisible
MPRegen  0.43/turn              (no ring)

@: no status effects
A: high mp 1
a: no special abilities


You were on level 9 of the Dungeon.
You were near starving.

You visited 2 branches of the dungeon, and saw 10 of its levels.
You also visited: Ossuary.

You collected 318 gold pieces.

Inventory:

Hand Weapons
 g - a +0 spear
 i - a +1 dagger of venom (weapon)
Missiles
 A - 50 stones (quivered)
Armour
 b - the +0 leather armour of Temperance {rC+ MR++}
   (You found it on level 4 of the Dungeon)

   It protects you from cold.
   It affects your resistance to hostile enchantments.
 e - a +0 kite shield
 k - a +1 helmet (worn)
 l - a +0 pair of gloves (worn)
 t - the +3 ring mail "Raraojuh" (worn) {Harm}
   (You found it on level 4 of the Dungeon)

   It increases damage dealt and taken.
 J - a +0 buckler (worn)
Jewellery
 a - an amulet of magic regeneration (around neck)
 o - an uncursed amulet of reflection
 G - a ring of see invisible (left hand)
Wands
 y - a wand of iceblast (2)
 K - a wand of flame (35)
Scrolls
 j - 2 scrolls of immolation
 n - 2 scrolls of amnesia
 q - 2 scrolls of remove curse
 u - 3 scrolls of teleportation
 z - 2 scrolls of blinking
 D - a scroll of torment
 E - a scroll of random uselessness
 I - 2 scrolls of holy word
Potions
 c - 2 potions of degeneration
 f - 2 potions of resistance {unknown}
 h - 3 potions of mutation {unknown}
 m - 4 potions of haste {unknown}
 p - 3 potions of stabbing {unknown}
 r - 2 potions of magic {unknown}
 v - 6 potions of curing {unknown}
 w - 5 potions of heal wounds {unknown}
 x - 2 potions of lignification
 B - 2 potions of flight {unknown}
 C - a potion of invisibility {unknown}
 H - a potion of might {unknown}
 L - a potion of ambrosia {unknown}
Comestibles
 d - 11 rations


   Skills:
 - Level 1.7 Dodging
 - Level 1.7 Stealth
 + Level 6.7 Shields
 + Level 6.5 Spellcasting
 - Level 0.8 Transmutations
 * Level 10.2 Earth Magic


You had 9 spell levels left.
You knew the following spells:

 Your Spells              Type           Power        Failure   Level  Hunger
a - Sandblast             Erth           ######       1%          1    None
b - Stone Arrow           Conj/Erth      ####..       6%          3    None
c - Lee's Rapid Deconstr  Erth           ######....   7%          5    #####..
d - Petrify               Tmut/Erth      #####...     17%         4    ###....

Your spell library contained the following spells:

 Spells                   Type           Power        Failure   Level  Hunger
 Passwall                 Tmut/Erth      #####...     2%          2    None


Dungeon Overview and Level Annotations

Branches:
Dungeon (9/15)             Temple (1/1) D:5            Lair (0/6) D:8
Ossuary (visited)
    Orc: D:9-12


Innate Abilities, Weirdness & Mutations

You have an increased reservoir of magic. (+10% MP)


Message History

An adder zombie comes into view.
The centaur shoots an arrow.
The arrow hits you!
Evoke which item? (* to show all) (? for menu, Esc to quit)
Aiming: Throw Flame
Press: ? - help, Shift-Dir - straight line, f - adder zombie
Aim: an adder zombie The puff of flame hits the adder zombie!
The adder zombie is severely damaged.
The centaur shoots an arrow.
The arrow hits you!
* * * LOW HITPOINT WARNING * * *
Evoke which item? (* to show all) (? for menu, Esc to quit)
Okay, then.
Casting: Sandblast (safe; 1% risk of failure)
Confirm with . or Enter, or press ? or * to list all spells.
Aiming: Petrify (dangerous; 17% risk of failure)
Press: ? - help, Shift-Dir - straight line, f - centaur, p - adder zombie
Aim: a centaur, wielding a +0 shortbow and quivering 20 arrows (chance to defeat MR: 63%)
The centaur resists with significant effort.
The centaur shoots an arrow.
The arrow hits you!
You die...

.........................
.........................
.........................
.........................
.....!...................
..............)..........
......)..................
[.....)).)...............
...........@†............
............†............
......?..................
.........................
............$......
...................
.(..............Z.
?..c.............


You could see a centaur and an adder zombie.

Vanquished Creatures
  Maggie (D:6)
  A komodo dragon (D:8)
  Grinder (D:3)
  A troll (D:8)
  2 hippogriffs (D:8)
  Eustachio (D:6)
  2 phantoms
  2 ice beasts
  4 ogres
  2 necrophages (D:5)
  5 centaurs
  3 bullfrogs
  6 killer bees (D:7)
  2 scorpions
  2 howler monkeys
  3 crimson imps
  3 centaur zombies (Ossuary)
  A jelly (D:7)
  6 hounds
  5 orc priests
  A centaur skeleton (D:5)
  5 orc wizards
  Jessica (D:3)
  Ijyb (D:3)
  9 worker ants
  A hound zombie (D:6)
  2 hound skeletons
  6 mummies (Ossuary)
  A worker ant zombie (D:8)
  3 gnolls (D:3)
  6 adders
  2 shadow imps
  3 oozes
  An adder skeleton (D:4)
  3 dart slugs
  4 worms
  8 leopard geckos
  32 orcs
  2 ball pythons
  14 bats
  4 giant cockroaches
  11 hobgoblins
  10 jackals
  5 quokkas
  7 frilled lizards
  9 goblins
  6 hobgoblin zombies (Ossuary)
  12 kobolds
  A quokka zombie (D:9)
  14 rats
237 creatures vanquished.

Vanquished Creatures (others)
  A hound (D:5)
  A plant (D:8)
  5 toadstools (D:1)
7 creatures vanquished.

Grand Total: 244 creatures vanquished

Notes
Turn   | Place    | Note
-------+----------+-------------------------------------------
     0 | D:1      | Johnny the Demigod Earth Elementalist began the quest for
                  | the Orb.
     0 | D:1      | Reached XP level 1. HP: 14/14 MP: 5/5
   103 | D:1      | Reached skill level 3 in Earth Magic
   349 | D:1      | Reached XP level 2. HP: 15/20 MP: 5/7
   947 | D:2      | Reached XP level 3. HP: 15/26 MP: 6/8
  1126 | D:2      | Reached skill level 1 in Shields
  1258 | D:2      | Learned a level 3 spell: Stone Arrow
  1471 | D:2      | Found an opulent altar of Gozag.
  1877 | D:2      | Reached XP level 4. HP: 32/33 MP: 8/10
  2043 | D:2      | Reached skill level 4 in Earth Magic
  2252 | D:3      | Found a basalt altar of Yredelemnul.
  2252 | D:3      | Found a stormy altar of Qazlal.
  2252 | D:3      | Found a shadowy altar of Dithmenos.
  2252 | D:3      | Found a bloodstained altar of Trog.
  2252 | D:3      | Found an ancient bone altar of Kikubaaqudgha.
  2252 | D:3      | Noticed Jessica
  2267 | D:3      | Killed Jessica
  2350 | D:4      | Found a white marble altar of Elyvilon.
  2378 | D:3      | Reached XP level 5. HP: 4/38 MP: 3/11
  2789 | D:3      | Noticed Grinder
  2796 | D:3      | Paralysed by Grinder for 3 turns
  3007 | D:4      | Noticed a phantom
  3020 | D:4      | Killed a phantom
  3331 | D:4      | Noticed an ogre
  3335 | D:4      | Reached skill level 5 in Earth Magic
  3335 | D:4      | Reached XP level 6. HP: 40/45 MP: 10/13
  3398 | D:4      | Got a smoking ring mail
  3409 | D:4      | Identified the +3 ring mail "Raraojuh" {Harm} (You found it
                  | on level 4 of the Dungeon)
  3508 | D:4      | Identified the +1 robe of a sewer {+Fly rPois MR- Dex+3}
  3820 | D:4      | Reached XP level 7. HP: 49/50 MP: 15/15
  3994 | D:4      | Got a blackened leather armour
  4407 | D:3      | Paralysed by Grinder for 2 turns
  4425 | D:3      | Paralysed by Grinder for 3 turns
  4437 | D:3      | Paralysed by Grinder for 3 turns
  4463 | D:3      | Killed Grinder
  4463 | D:3      | Reached skill level 6 in Earth Magic
  4717 | D:3      | Noticed Ijyb
  4722 | D:3      | Killed Ijyb
  5159 | D:5      | Entered Level 5 of the Dungeon
  5361 | D:5      | Found a staircase to the Ecumenical Temple.
  5473 | D:5      | Reached skill level 7 in Earth Magic
  5473 | D:5      | Reached XP level 8. HP: 49/57 MP: 15/18
  6223 | Temple   | Entered the Ecumenical Temple
  6273 | D:6      | Noticed Maggie
  6283 | D:6      | Killed Maggie
  6283 | D:6      | Reached skill level 5 in Shields
  6283 | D:6      | Reached skill level 5 in Spellcasting
  6283 | D:6      | Reached skill level 8 in Earth Magic
  6313 | D:6      | Found a sand-covered staircase.
  6320 | Ossuary  | Entered an ossuary
  6746 | D:6      | Noticed Eustachio
  6762 | D:6      | Killed Eustachio
  6762 | D:6      | Reached XP level 9. HP: 57/62 MP: 6/20
  7475 | D:7      | Found a radiant altar of Vehumet.
  7597 | D:7      | Learned a level 5 spell: Lee's Rapid Deconstruction
  7602 | D:7      | Learned a level 4 spell: Petrify
  7749 | D:7      | Reached skill level 9 in Earth Magic
  8561 | D:8      | Found a burning altar of Makhleb.
  8881 | D:8      | Found an iron altar of Okawaru.
  9091 | D:8      | Noticed a green death
  9092 | D:8      | Found a glowing silver altar of Zin.
  9093 | D:8      | Noticed an angel
  9328 | D:8      | Found a staircase to the Lair.
  9329 | D:8      | Noticed a komodo dragon
  9346 | D:8      | Identified the +0 leather armour of Temperance {rC+ MR++}
                  | (You found it on level 4 of the Dungeon)
  9352 | D:8      | Killed a komodo dragon
  9352 | D:8      | Reached skill level 10 in Earth Magic
  9903 | D:9      | Reached XP level 10. HP: 66/69 MP: 6/23
  9933 | D:9      | Shot with an arrow by a centaur

Illustrated notes

Levels and vault maps discovered:
D:1:      ldierk_walled_garden, layout_rooms
D:2:      layout_loops_ring, grunt_gozag_breadcrumbs
D:3:      layout_basic, grunt_temple_overflow_open, uniq_jessica, uniq_ijyb,
          uniq_grinder
D:4:      minmay_clustersquares, layout_basic, lemuel_crystal_altar
D:5:      layout_cave_pools, lemuel_temple_firewalk_b, first_ration,
          kennysheep_cross_bottleneck
D:6:      layout_basic, chequers_ossuary_entry_cave, uniq_eustachio, uniq_maggie
D:7:      layout_basic, vehumet_crystals
D:8:      nicolae_whirlpool, layout_layer_cave,
          grunt_temple_overflow_order_and_chaos_2, kennysheep_okawaru_gauntlet,
          david_lair_shrubbed
D:9:      layout_basic, lemuel_crystal_altar, ashenzari_altar_1,
          hangedman_pestilent_swarm
Temple:   nicolae_temple_figure_zero

Skill      XL: |  1  2  3  4  5  6  7  8  9 |
---------------+----------------------------+-----
Earth Magic    | 3 4 5 7 8 10 | 10.2
Spellcasting   | 2 3 4 5 6 |  6.5
Shields        | 1 2 3 4 5 6 |  6.7
Dodging        | |  1.7
Stealth        | |  1.7
Transmutations | |  0.8

Action                   |  1- 3 |  4- 6 |  7- 9 | 10-12 || total
-------------------------+-------+-------+-------+-------++-------
Melee: Spear             |   137 |    89 |   174 |       ||   400
       Unarmed           |     8 |       |       |       ||     8
       Dagger            |       |       |    84 |     9 ||    93
 Cast: Sandblast         |    33 |    49 |    61 |     7 ||   150
       Stone Arrow       |       |     8 |    84 |     1 ||    93
       Petrify           |       |       |       |     1 ||     1
Evoke: Wand              |       |       |     4 |     3 ||     7
  Use: Potion            |       |     1 |       |       ||     1
       Scroll            |       |       |    11 |       ||    11
 Stab: Sleeping          |     8 |     2 |     3 |       ||    13
  Eat: Chunk             |     3 |     7 |    14 |       ||    24
       Ration            |       |       |     2 |       ||     2
Armor: Robe              |    28 |    29 |       |       ||    57
       Skin              |       |    17 |       |       ||    17
       Ring mail         |       |    19 |   155 |     5 ||   179
Dodge: Dodged            |    76 |    69 |   212 |     7 ||   364
Block: Buckler           |       |       |    11 |     7 ||    18
